| TOP OF THE 1ST |
|
Bowling Green Hot Rods batting - Pitching for Lexington Legends : RHP Tony Jimenez
|
|
Pitching: RHP Tony Jimenez
|
|
|
Batting: SHB Luis Verduzco
|
0-0: Foul Ball, location: 2F 0-1: Foul Ball, location: 2F 0-2: Ball 1-2: Foul Ball, location: 2F 1-2: Strikes out swinging
|
|
Batting: LHB Rocky Crowley
|
0-0: Ball 1-0: Foul Ball, location: 2F 1-1: Foul Ball, location: 2F 1-2: Hit by Pitch
|
|
Batting: RHB Dermott Kennelly
|
0-0: Ball 1-0: Ball 2-0: Called Strike 2-1: Fielders Choice at 2nd, 5-4 (Groundball, 56, EV 78.1 MPH)
|
|
Batting: RHB Tim Dower
|
0-0: Ball 1-0: Ball 2-0: Ball 3-0: Base on Balls Dermott Kennelly to second
|
|
Batting: RHB Jim Erdody
|
0-0: Fielders Choice at 2nd, 6-4 (Groundball, 56, EV 92.5 MPH)
|
| Top of the 1st over - 0 runs, 0 hits, 0 errors, 2 left on base; Bowling Green 0 - Lexington 0 |
| BOTTOM OF THE 1ST |
|
Lexington Legends batting - Pitching for Bowling Green Hot Rods : RHP Jesus Valdivia
|
|
Pitching: RHP Jesus Valdivia
|
|
|
Batting: LHB Efrem Isaev
|
0-0: Called Strike 0-1: Ball 1-1: Foul Ball, location: 2F 1-2: Foul Ball, location: 2F 1-2: Ball 2-2: Ball 3-2: Base on Balls
|
|
Batting: RHB Jonas Fernandez
|
0-0: Grounds into double play, 5-4-3 (Groundball, 56, EV 86.2 MPH)
|
|
Batting: LHB Edgar Ortiz
|
0-0: Fly out, F9 (Line Drive, 9LM, EV 94.4 MPH)
|
| Bottom of the 1st over - 0 runs, 0 hits, 0 errors, 0 left on base; Bowling Green 0 - Lexington 0 |
| TOP OF THE 2ND |
|
Bowling Green Hot Rods batting - Pitching for Lexington Legends : RHP Tony Jimenez
|
|
Batting: LHB Angel Ruvalcaba
|
0-0: Ground out 4-3 (Groundball, 4, EV 88.8 MPH)
|
|
Batting: RHB Dave Valdez
|
0-0: Called Strike 0-1: Called Strike 0-2: Ball 1-2: Ball 2-2: Strikes out swinging
|
|
Batting: RHB Bogumil Filipowski
|
0-0: Foul Ball, location: 2F 0-1: Ball 1-1: Swinging Strike 1-2: Strikes out looking
|
| Top of the 2nd over - 0 runs, 0 hits, 0 errors, 0 left on base; Bowling Green 0 - Lexington 0 |
| BOTTOM OF THE 2ND |
|
Lexington Legends batting - Pitching for Bowling Green Hot Rods : RHP Jesus Valdivia
|
|
Batting: LHB Vicente Hernandez
|
0-0: Foul Ball, location: 2F 0-1: Fly out, F8 (Flyball, 8LM, EV 82.5 MPH)
|
|
Batting: LHB Josh Dalton
|
0-0: Ball 1-0: Foul Ball, location: 2F 1-1: Foul Ball, location: 2F 1-2: Hit by Pitch
|
|
Batting: RHB David Rubio
|
0-0: Swinging Strike 0-1: Called Strike 0-2: Ball 1-2: Strikes out swinging
|
|
Batting: RHB Ian Hornsby
|
0-0: Ball 1-0: Ball 2-0: Ball 3-0: Called Strike 3-1: Foul Ball, location: 2F 3-2: Strikes out swinging
|
| Bottom of the 2nd over - 0 runs, 0 hits, 0 errors, 1 left on base; Bowling Green 0 - Lexington 0 |
| TOP OF THE 3RD |
|
Bowling Green Hot Rods batting - Pitching for Lexington Legends : RHP Tony Jimenez
|
|
Batting: RHB Jesus Carrillo
|
0-0: Swinging Strike 0-1: Swinging Strike 0-2: Ground out 3-1 (Groundball, 34, EV 80.6 MPH)
|
|
Batting: SHB Luis Verduzco
|
0-0: Ground out 4-3 (Groundball, 4, EV 79.4 MPH)
|
|
Batting: LHB Rocky Crowley
|
0-0: Ball 1-0: Called Strike 1-1: SINGLE (Line Drive, 4D, EV 98.1 MPH)
|
|
Batting: RHB Dermott Kennelly
|
0-0: Ball 1-0: Fielders Choice at 2nd, U6 (Groundball, 6M, EV 86.2 MPH)
|
| Top of the 3rd over - 0 runs, 1 hit, 0 errors, 1 left on base; Bowling Green 0 - Lexington 0 |
| BOTTOM OF THE 3RD |
|
Lexington Legends batting - Pitching for Bowling Green Hot Rods : RHP Jesus Valdivia
|
|
Batting: LHB David Bearden
|
0-0: Ball 1-0: Ball 2-0: Called Strike 2-1: Foul Ball, location: 2F 2-2: Fly out, F8 (Flyball, 89M, EV 90.0 MPH)
|
|
Batting: RHB Adam Krieger
|
0-0: Ball 1-0: Ball 2-0: Ball 3-0: Base on Balls
|
|
Batting: LHB Efrem Isaev
|
Pickoff Throw to First - Out! 1-3 0-0: Swinging Strike 0-1: Ball 1-1: Ball 2-1: Ball 3-1: Base on Balls
|
|
Batting: RHB Jonas Fernandez
|
0-0: Ball 1-0: Called Strike Efrem Isaev is caught stealing 2nd base 2-4
|
| Bottom of the 3rd over - 0 runs, 0 hits, 0 errors, 0 left on base; Bowling Green 0 - Lexington 0 |
| TOP OF THE 4TH |
|
Bowling Green Hot Rods batting - Pitching for Lexington Legends : RHP Tony Jimenez
|
|
Batting: RHB Tim Dower
|
0-0: Ball 1-0: Ground out 1-3 (Groundball, 15S, EV 71.2 MPH)
|
|
Batting: RHB Jim Erdody
|
0-0: Called Strike 0-1: Fly out, F9 (Flyball, 9, EV 82.5 MPH)
|
|
Batting: LHB Angel Ruvalcaba
|
0-0: SINGLE (Line Drive, 6MD, EV 106.2 MPH)
|
|
Batting: RHB Dave Valdez
|
0-0: Ball 1-0: Ball 2-0: SINGLE (Groundball, 56, EV 98.8 MPH) Angel Ruvalcaba to second
|
|
Batting: RHB Bogumil Filipowski
|
0-0: Ball 1-0: Ball 2-0: Ball 3-0: Base on Balls Angel Ruvalcaba to third Dave Valdez to second
|
|
Batting: RHB Jesus Carrillo
|
0-0: Swinging Strike 0-1: Fly out, F8 (Flyball, 78D, EV 101.9 MPH)
|
| Top of the 4th over - 0 runs, 2 hits, 0 errors, 3 left on base; Bowling Green 0 - Lexington 0 |
| BOTTOM OF THE 4TH |
|
Lexington Legends batting - Pitching for Bowling Green Hot Rods : RHP Jesus Valdivia
|
|
Batting: RHB Jonas Fernandez
|
0-0: Fly out, F6 (Popup, 6, EV 66.2 MPH)
|
|
Batting: LHB Edgar Ortiz
|
0-0: Fly out, F7 (Line Drive, 7S, EV 90.0 MPH)
|
|
Batting: LHB Vicente Hernandez
|
0-0: Called Strike 0-1: Ball 1-1: Fly out, F9 (Flyball, 9, EV 90.0 MPH)
|
| Bottom of the 4th over - 0 runs, 0 hits, 0 errors, 0 left on base; Bowling Green 0 - Lexington 0 |
| TOP OF THE 5TH |
|
Bowling Green Hot Rods batting - Pitching for Lexington Legends : RHP Tony Jimenez
|
|
Batting: SHB Luis Verduzco
|
0-0: Ball 1-0: Ball 2-0: Ball 3-0: Called Strike 3-1: Foul Ball, location: 2F 3-2: Foul Ball, location: 2F 3-2: Strikes out looking
|
|
Batting: LHB Rocky Crowley
|
0-0: Ball 1-0: Called Strike 1-1: Ball 2-1: Called Strike 2-2: Ground out 6-3 (Groundball, P, EV 85.0 MPH)
|
|
Batting: RHB Dermott Kennelly
|
0-0: Foul Ball, location: 2F 0-1: SINGLE (Groundball, 6MD, EV 96.2 MPH)
|
|
Batting: RHB Tim Dower
|
0-0: Called Strike 0-1: Called Strike 0-2: Foul Ball, location: 2F 0-2: Foul Ball, location: 2F 0-2: Ground out 4-3 (Groundball, 4, EV 88.1 MPH)
|
| Top of the 5th over - 0 runs, 1 hit, 0 errors, 1 left on base; Bowling Green 0 - Lexington 0 |
| BOTTOM OF THE 5TH |
|
Lexington Legends batting - Pitching for Bowling Green Hot Rods : RHP Jesus Valdivia
|
|
Batting: LHB Josh Dalton
|
0-0: Called Strike 0-1: Called Strike 0-2: Ball 1-2: Ball 2-2: Ball 3-2: Foul Ball, location: 2F 3-2: Strikes out swinging
|
|
Batting: RHB David Rubio
|
0-0: Swinging Strike 0-1: Called Strike 0-2: Ball 1-2: Foul Ball, location: 2F 1-2: Foul Ball, location: 2F 1-2: Strikes out swinging
|
|
Batting: RHB Ian Hornsby
|
0-0: Called Strike 0-1: Ball 1-1: Called Strike 1-2: Strikes out swinging
|
| Bottom of the 5th over - 0 runs, 0 hits, 0 errors, 0 left on base; Bowling Green 0 - Lexington 0 |
| TOP OF THE 6TH |
|
Bowling Green Hot Rods batting - Pitching for Lexington Legends : RHP Tony Jimenez
|
|
Batting: RHB Jim Erdody
|
0-0: Called Strike 0-1: Foul Ball, location: 2F 0-2: Ball 1-2: Strikes out swinging
|
|
Batting: LHB Angel Ruvalcaba
|
0-0: Called Strike 0-1: Ball 1-1: Ground out 4-3 (Groundball, 4S, EV 70.0 MPH)
|
|
Batting: RHB Dave Valdez
|
0-0: Called Strike 0-1: Foul Ball, location: 2F 0-2: Strikes out looking
|
| Top of the 6th over - 0 runs, 0 hits, 0 errors, 0 left on base; Bowling Green 0 - Lexington 0 |
| BOTTOM OF THE 6TH |
|
Lexington Legends batting - Pitching for Bowling Green Hot Rods : RHP Jesus Valdivia
|
|
Batting: LHB David Bearden
|
0-0: Called Strike 0-1: Hit by Pitch
|
|
Batting: RHB Adam Krieger
|
0-0: Ball 1-0: Foul Ball, location: 2F 1-1: Grounds into double play, 4-6-3 (Groundball, 4, EV 85.0 MPH)
|
|
Batting: LHB Efrem Isaev
|
0-0: Ball 1-0: Fly out, F9 (Flyball, 9LM, EV 88.1 MPH)
|
| Bottom of the 6th over - 0 runs, 0 hits, 0 errors, 0 left on base; Bowling Green 0 - Lexington 0 |
| TOP OF THE 7TH |
|
Bowling Green Hot Rods batting - Pitching for Lexington Legends : RHP Tony Jimenez
|
|
Batting: RHB Bogumil Filipowski
|
0-0: Called Strike 0-1: SINGLE (Line Drive, 3D, EV 97.5 MPH)
|
|
Batting: RHB Jesus Carrillo
|
0-0: Called Strike 0-1: Ball 1-1: Ball 2-1: Swinging Strike 2-2: Foul Ball, location: 2F 2-2: Fielders Choice at 2nd, 6-4 (Groundball, 6, EV 104.4 MPH)
|
|
Batting: SHB Luis Verduzco
|
0-0: Called Strike 0-1: Fly out, F7 (Flyball, 78M, EV 83.1 MPH)
|
|
Batting: LHB Rocky Crowley
|
0-0: Ball 1-0: Swinging Strike 1-1: Ball 2-1: Foul Ball, location: 2F 2-2: SINGLE (Groundball, 4, EV 95.6 MPH) Jesus Carrillo to second
|
|
Batting: RHB Dermott Kennelly
|
0-0: Ball 1-0: Called Strike 1-1: Ball 2-1: Foul Ball, location: 2F 2-2: Ball 3-2: Foul Ball, location: 2F 3-2: Ground out U3 (Groundball, 3S, EV 86.9 MPH)
|
| Top of the 7th over - 0 runs, 2 hits, 0 errors, 2 left on base; Bowling Green 0 - Lexington 0 |
| BOTTOM OF THE 7TH |
|
Lexington Legends batting - Pitching for Bowling Green Hot Rods : RHP Jesus Valdivia
|
|
Batting: RHB Jonas Fernandez
|
0-0: Called Strike 0-1: Ball 1-1: Ball 2-1: Called Strike 2-2: Ball 3-2: Base on Balls
|
|
Batting: LHB Edgar Ortiz
|
0-0: Ball 1-0: Ball 2-0: Called Strike 2-1: Foul Ball, location: 2F 2-2: Ball 3-2: SINGLE (Line Drive, 7LS, EV 101.9 MPH) Jonas Fernandez to second
|
|
Batting: LHB Vicente Hernandez
|
0-0: Ball 1-0: Fly out, F2 (Popup, 2L, EV 95.6 MPH)
|
|
Batting: LHB Josh Dalton
|
0-0: Ball 1-0: Foul Ball, location: 2F 1-1: Ball 2-1: Called Strike 2-2: Foul Ball, location: 2F 2-2: Ball 3-2: SINGLE (Groundball, 6MD, EV 96.2 MPH) Jonas Fernandez to third Edgar Ortiz to second
|
|
Batting: RHB David Rubio
|
0-0: Called Strike 0-1: Ball 1-1: Called Strike 1-2: Fly out, F8 (Flyball, 8LXD, EV 100.0 MPH) Runner from 3rd tags up, SCORES, no throw by CF Edgar Ortiz to third
|
|
Batting: RHB Ian Hornsby
|
0-0: Ball 1-0: Fly out, F8 (Flyball, 8RM, EV 96.2 MPH)
|
| Bottom of the 7th over - 1 run, 2 hits, 0 errors, 2 left on base; Bowling Green 0 - Lexington 1 |
| TOP OF THE 8TH |
|
Bowling Green Hot Rods batting - Pitching for Lexington Legends : RHP Tony Jimenez
|
|
Pitching: RHP Omar Flores
|
|
|
Batting: RHB Tim Dower
|
0-0: Ball 1-0: Ball 2-0: Ball 3-0: Called Strike 3-1: Foul Ball, location: 2F 3-2: Ground out 6-3 (Groundball, 6, EV 82.5 MPH)
|
|
Pinch Hitting: LHB Sean Banks
|
0-0: Ball 1-0: Foul Ball, location: 2F 1-1: Ball 2-1: Called Strike 2-2: Foul Ball, location: 2F 2-2: Foul Ball, location: 2F 2-2: Foul Ball, location: 2F 2-2: Foul Ball, location: 2F 2-2: Foul Ball, location: 2F 2-2: Ground out 5-3 (Groundball, 5L, EV 84.4 MPH)
|
|
Batting: LHB Angel Ruvalcaba
|
0-0: Called Strike 0-1: Foul Ball, location: 2F 0-2: Ball 1-2: DOUBLE (Flyball, 8RXD, EV 106.2 MPH)
|
|
Batting: RHB Dave Valdez
|
0-0: Ball 1-0: Called Strike 1-1: Ground out 6-3 (Groundball, 56, EV 106.9 MPH)
|
| Top of the 8th over - 0 runs, 1 hit, 0 errors, 1 left on base; Bowling Green 0 - Lexington 1 |
| BOTTOM OF THE 8TH |
|
Lexington Legends batting - Pitching for Bowling Green Hot Rods : RHP Jesus Valdivia
|
|
Now at 1B: Sean Banks
|
|
|
Now at 2B: Dave Valdez
|
|
|
Now at SS: Jesus Carrillo
|
|
|
Batting: LHB David Bearden
|
0-0: Called Strike 0-1: Ball 1-1: Ball 2-1: Called Strike 2-2: Ball 3-2: Strikes out looking
|
|
Pitching: LHP Ryan Folks
|
|
|
Batting: RHB Adam Krieger
|
0-0: Ball 1-0: Swinging Strike 1-1: Foul Ball, location: 2F 1-2: Strikes out swinging
|
|
Batting: LHB Efrem Isaev
|
0-0: Ball 1-0: Called Strike 1-1: Foul Ball, location: 2F 1-2: Ball 2-2: Ground out 5-3 (Groundball, 25, EV 80.6 MPH)
|
| Bottom of the 8th over - 0 runs, 0 hits, 0 errors, 0 left on base; Bowling Green 0 - Lexington 1 |
| TOP OF THE 9TH |
|
Bowling Green Hot Rods batting - Pitching for Lexington Legends : RHP Omar Flores
|
|
Pitching: RHP Ryan Crump
|
|
|
Now at 2B: Trevor Kingston
|
|
|
Now in LF: Adam Krieger
|
|
|
Now in RF: Josh Dalton
|
|
|
Batting: RHB Bogumil Filipowski
|
0-0: Ball 1-0: Ground out 5-3 (Groundball, 5, EV 105.0 MPH)
|
|
Batting: RHB Jesus Carrillo
|
0-0: Foul Ball, location: 2F 0-1: Called Strike 0-2: Ball 1-2: Ground out 1-3 (Groundball, 34S, EV 72.5 MPH)
|
|
Batting: SHB Luis Verduzco
|
0-0: Ball 1-0: Fly out, F8 (Line Drive, 8LM, EV 90.6 MPH)
|
| Top of the 9th over - 0 runs, 0 hits, 0 errors, 0 left on base; Bowling Green 0 - Lexington 1 |
|